AoeStats
← aramanis5760

Arena

509390036Analyzed
4v4 RM · 7d ago on Sep 26, 2026· 48m 25s· 8 players
Game mode
Random Map
Map size
Large (8 player)
Population
200
Speed
Normal
Resources
Standard
Victory
Conquest
Starting age
Dark Age
Ending age
Imperial Age
RankedLock teamsTeams togetherTeam positionsShared explorationLock speedFull tech treeHidden civsTurbo modeCheats
Victory
Defeat
🇹🇷 Turks · Türkiye
1062
+11
🇹🇷 Cumans · Türkiye
969
+15
🇹🇷 Sicilians · Türkiye
968
+15
🇮🇩 Cumans · Indonesia
900
+17
🇧🇪 Goths · Belgium
980
-16
🇹🇷 Vikings · Türkiye
944
-15
🇦🇷 Hindustanis · Argentina
936
-14
🇺🇸 Poles · United States
901
-13
@RoSexFix
10:48 Feudal Age
15:45 Castle Age
18:49 Fletching
22:13 Fletching
22:44 Double-Bit Axe
23:39 Gold Mining
23:40 Stone Mining
23:40 Horse Collar
24:46 Bow Saw
24:28 Loom
25:24 Heavy Plow
27:31 Bodkin Arrow
31:18 Imperial Age
29:02 Fortified Wall
29:04 Masonry
29:08 Forging
28:59 Padded Archer Armor
31:30 Capped Ram
33:33 Two-Man Saw
32:37 Scale Mail Armor
33:31 Siege Ram
34:34 Heavy Scorpion
aramanis5760
brad
11:49 Feudal Age
12:29 Double-Bit Axe
15:54 Scale Barding Armor
15:59 Forging
16:51 Bloodlines
17:29 Horse Collar
22:19 Fletching
22:29 Padded Archer Armor
27:00 Castle Age
27:13 Crossbowman
28:53 Thumb Ring
29:00 Bodkin Arrow
33:48 Ballistics
34:30 Leather Archer Armor
37:07 Light Cavalry
37:48 Husbandry
37:20 Elite Skirmisher
38:44 Loom
42:24 Gold Mining
42:25 Stone Mining
48:56 Imperial Age
FernetRush
10:58 Feudal Age
14:51 Castle Age
12:47 Horse Collar
12:56 Double-Bit Axe
14:58 Loom
18:12 Bow Saw
18:35 Heavy Plow
19:22 Wheelbarrow
22:30 Hand Cart
26:26 Bloodlines
30:10 Imperial Age
29:03 Scale Barding Armor
29:09 Forging
30:09 Chain Barding Armor
30:32 Heavy Camel Rider
CapYafes
8:45 Loom
10:55 Feudal Age
15:44 Castle Age
16:08 Double-Bit Axe
16:27 Horse Collar
17:09 Stone Mining
18:31 Bow Saw
19:17 Heavy Plow
20:55 Gold Mining
24:25 Wheelbarrow
23:36 Town Watch
28:37 Gold Shaft Mining
28:38 Ballistics
28:43 Bloodlines
32:29 Imperial Age
32:30 Thumb Ring
32:22 Fletching
34:24 Elite Kipchak
35:47 Conscription
36:46 Chemistry
37:10 Padded Archer Armor
37:05 Bodkin Arrow
37:21 Forging
37:17 Scale Barding Armor
42:05 Cuman Mercenaries
42:06 Steppe Husbandry
Just Eren
12:09 Feudal Age
12:57 Double-Bit Axe
13:02 Horse Collar
16:06 Castle Age
14:34 Stone Mining
15:14 Loom
18:15 Bow Saw
22:12 Heavy Plow
25:02 Wheelbarrow
25:34 Gold Mining
27:53 Padded Archer Armor
29:21 Leather Archer Armor
31:17 Gold Shaft Mining
33:52 Imperial Age
32:34 Coinage
34:11 Fletching
35:07 Conscription
35:24 Ring Archer Armor
36:41 Artillery
40:29 Hoardings
40:23 Elite Janissary
41:04 Bodkin Arrow
44:00 Bracer
48:31 Ballistics
heynab
10:50 Feudal Age
15:41 Castle Age
13:54 Double-Bit Axe
14:42 Horse Collar
18:16 Bow Saw
18:08 Heavy Plow
21:00 Gold Mining
23:03 Scale Mail Armor
22:55 Fletching
25:37 Chain Mail Armor
27:02 Wheelbarrow
29:09 Forging
33:32 Imperial Age
34:43 Conscription
34:57 Plate Mail Armor
36:18 Crop Rotation
36:27 Gold Shaft Mining
37:37 Iron Casting
37:35 Hand Cart
39:00 Elite Serjeant
42:01 Loom
42:03 Town Watch
43:24 Blast Furnace
42:37 Siege Engineers
42:29 Murder Holes
42:45 Masonry
42:49 Hauberk
44:22 Town Patrol
48:26 First Crusade
McPai
0:33 Loom
11:03 Feudal Age
12:31 Man-at-Arms
18:42 Wheelbarrow
24:30 Castle Age
25:08 Capped Ram
25:51 Pikeman
27:30 Thumb Ring
26:47 Elite Skirmisher
27:46 Double-Bit Axe
29:23 Bow Saw
30:19 Squires
37:28 Forging
37:10 Fletching
37:23 Padded Archer Armor
37:24 Scale Mail Armor
37:30 Scale Barding Armor
37:52 Long Swordsman
41:26 Imperial Age
39:34 Gold Mining
40:26 Bodkin Arrow
41:21 Hand Cart
42:31 Conscription
41:40 Two-Handed Swordsman
43:12 Champion
44:23 Ballistics
44:06 Horse Collar
44:52 Heavy Plow
47:00 Chemistry
47:07 Gold Shaft Mining
47:30 Crop Rotation
Connection lost

Rejoining the realm…

Still unreachable

The connection could not be restored.

Session expired

The server has moved on; the page needs a fresh start.